 Dungeon Crawl Stone Soup version 0.24-a0-176-gc3651c4 (webtiles) character file.

Game seed: 6685292941220274496

1697 Ijustatesigmund the Poker (level 9, -2/57 HPs)
             Began as an Octopode Wizard on Mar 12, 2019.
             Was an Initiate of the Shining One.
             Slain by Harold
             ... wielding a +4 trident of piercing
              (21 damage)
             ... on level 7 of the Dungeon.
             The game lasted 00:18:47 (7940 turns).

Ijustatesigmund the Poker (Octopode Wizard)         Turns: 7940, Time: 00:18:49

Health: -2/57      AC:  6    Str:  7    XL:     9   Next: 3%
Magic:  7/16       EV: 15    Int: 21    God:    the Shining One [......]
Gold:   297        SH:  3    Dex: 15    Spells: 6/17 levels left

rFire    . . .     SeeInvis .   i - +1 trident (protect)
rCold    . . .     Gourm    .   (no shield)
rNeg     . . .     Faith    .   a - +1 hat
rPois    .         Spirit   .   m - +3 amulet of reflection
rElec    .         Reflect  +   d - ring of protection from magic
rCorr    .         Harm     .   k - +4 ring of protection
MR       +....                  u - +3 ring of dexterity
Stlth    ++........             (no ring)
HPRegen  0.19/turn              (no ring)
MPRegen  0.15/turn              (no ring)
                                (no ring)
                                (no ring)

@: very slightly contaminated, glowing
A: almost no armour, stealthy swim, amphibious, 8 rings, constrict 8, camouflage
1, gelatinous body 1
a: Renounce Religion


You were on level 7 of the Dungeon.
You worshipped the Shining One.
The Shining One was noncommittal.
You were hungry.

You visited 2 branches of the dungeon, and saw 8 of its levels.

You collected 297 gold pieces.

Inventory:

Hand Weapons
 f - a +0 mace
 i - a +1 trident of protection (weapon)
Missiles
 o - 15 tomahawks (quivered)
Armour
 a - a +1 hat (worn)
Jewellery
 d - a ring of protection from magic (left tentacle)
 k - a +4 ring of protection (right tentacle)
 m - a +3 amulet of reflection (around mantle)
 u - a +3 ring of dexterity (on tentacle)
Wands
 r - a wand of paralysis (6)
Scrolls
 b - 6 scrolls of remove curse
 e - a scroll of enchant weapon
 h - 2 scrolls of enchant armour
 l - 2 scrolls of immolation
 n - 2 scrolls of teleportation
Potions
 g - 2 potions of agility
 j - 3 potions of curing
 p - a potion of mutation {unknown}
 q - a potion of degeneration {unknown}
 s - a potion of heal wounds
 t - a potion of flight {unknown}
Comestibles
 c - 8 rations
 v - 4 chunks of flesh


   Skills:
 - Level 3.5 Fighting
 - Level 6.6 Polearms
 - Level 3.4 Dodging
 - Level 2.6 Stealth
 + Level 4.9 Spellcasting
 - Level 2.3 Conjurations
 + Level 2.8 Hexes
   Level 1.0 Summonings
 - Level 1.6 Translocations
 - Level 2.6 Fire Magic
 + Level 3.1 Invocations


You had 6 spell levels left.
You knew the following spells:

 Your Spells              Type           Power        Failure   Level  Hunger
a - Magic Dart            Conj           ###.         4%          1    None
b - Blink                 Tloc           N/A          9%          2    None
c - Conjure Flame         Conj/Fire      ###.....     12%         3    ##.....
d - Searing Ray           Conj           ###...       6%          2    None
e - Dazzling Spray        Conj/Hex       ###...       11%         3    ##.....

Your spell library contained the following spells:

 Spells                   Type           Power        Failure   Level  Hunger
 Slow                     Hex            ###.....     4%          2    None
 Call Imp                 Summ           #.......     11%         2    None
 Mephitic Cloud           Conj/Pois/Air  #.......     24%         3    ##.....
 Fulminant Prism          Conj/Hex       ###.......   36%         4    ####...
 Iskenderun's Mystic Bla  Conj           ###.....     38%         4    ####...
 Force Lance              Conj/Tloc      ##......     43%         4    ####...


Dungeon Overview and Level Annotations

Branches:
Dungeon (7/15)             Temple (1/1) D:5

Altars:
Ashenzari
Cheibriados
Dithmenos
Fedhas
Gozag
Kikubaaqudgha
Makhleb
Okawaru
Sif Muna
Trog
Uskayaw
Wu Jian
Xom
Zin
The Shining One

Shops:
D:6 [

Annotations:
D:7 Harold


Innate Abilities, Weirdness & Mutations

You cannot wear most types of armour.
You are very stealthy in the water. (Stealth+)
You are amphibious.
You can wear up to eight rings at the same time.
You can use your tentacles to constrict eight enemies at once.
Your skin changes colour to match your surroundings (Stealth+).
Your rubbery body absorbs attacks. (AC +1, EV +1)


Message History

Confirm with . or Enter, or press ? or * to list all spells.
Aiming: Conjure Flame (safe; 12% risk of failure)
Press: ? - help, Dir - move target cursor, p - Harold You miscast Conjure Flame.
You have a brief vision of globes of primordial fire.
Harold hits you but does no damage.
Casting: Conjure Flame (safe; 12% risk of failure)
Confirm with . or Enter, or press ? or * to list all spells.
Aiming: Conjure Flame (safe; 12% risk of failure)
Press: ? - help, Dir - move target cursor The fire ignites!
You are feeling hungry.
Harold hits you from afar with a +4 trident of piercing!
Harold says, "This is so exciting!
What a great way to end my career!"
Harold hits you but does no damage. Harold gestures at you while chanting.
You barely resist.
There is a stone staircase leading up here.
Harold hits you from afar with a +4 trident of piercing!!
You die...

### ..# #.# #.# #.# #.#
###.########
#...@.......
#.#ยง########
#.#@##.....#
#.#.##.....### #
#....@....... .#
#.#.##....... ..##
.....##.....###.....
..........#@.......###
#.###.####.#.........?.


You could see Harold.

Vanquished Creatures
  Pikel (D:4)
  Duvessa (D:4)
  An ice beast (D:5)
  2 ogres
  A slave (D:4)
  Dowan (D:4)
  A howler monkey (D:5)
  A bullfrog zombie (D:5)
  6 orc priests
  A centaur skeleton (D:6)
  An iguana (D:5)
  9 orc wizards
  A worker ant (D:3)
  A hound zombie (D:6)
  A worker ant zombie (D:6)
  Robin (D:2)
  A howler monkey zombie (D:5)
  10 adders
  A shadow imp (D:6)
  2 worms
  4 leopard geckos
  25 orcs
  4 giant cockroaches
  17 goblins
  5 hobgoblins
  2 quokkas
  A ball python (D:2)
  4 bats
  5 frilled lizards
  A jackal skeleton (D:6)
  2 kobolds (D:1)
  A quokka skeleton (D:6)
  2 rats
117 creatures vanquished.

Vanquished Creatures (others)
  A hound skeleton (D:4)
  A leopard gecko skeleton (D:4)
  2 quokka skeletons (D:4)
4 creatures vanquished.

Grand Total: 121 creatures vanquished

Notes
Turn   | Place    | Note
-------+----------+-------------------------------------------
     0 | D:1      | Ijustatesigmund the Octopode Wizard began the quest for the
                  | Orb.
     0 | D:1      | Reached XP level 1. HP: 11/11 MP: 4/4
   339 | D:1      | Reached skill level 1 in Fighting
   339 | D:1      | Reached XP level 2. HP: 18/18 MP: 3/6
   988 | D:1      | Learned a level 2 spell: Blink
  1661 | D:2      | Reached XP level 3. HP: 23/23 MP: 4/7
  1719 | D:2      | Noticed Robin
  1739 | D:2      | Killed Robin
  2093 | D:2      | Reached XP level 4. HP: 21/29 MP: 6/8
  2391 | D:2      | Reached skill level 1 in Polearms
  2807 | D:3      | Found a shattered altar of Ashenzari.
  2844 | D:3      | Reached skill level 2 in Polearms
  2896 | D:3      | Learned a level 3 spell: Conjure Flame
  3096 | D:3      | Reached XP level 5. HP: 34/34 MP: 9/9
  3436 | D:4      | Noticed an ogre
  3722 | D:4      | Noticed a slave
  3723 | D:4      | Noticed Pikel
  3747 | D:4      | Killed a slave
  3777 | D:4      | Noticed a slave
  3780 | D:4      | Noticed a slave
  3786 | D:4      | Noticed a slave
  3796 | D:4      | Killed Pikel
  3796 | D:4      | Reached skill level 6 in Polearms
  3796 | D:4      | Reached XP level 6. HP: 18/39 MP: 5/10
  3796 | D:4      | Reached XP level 7. HP: 20/45 MP: 5/11
  4232 | D:4      | Found an opulent altar of Gozag.
  4374 | D:4      | Learned a level 2 spell: Searing Ray
  4410 | D:4      | Reached skill level 1 in Fire Magic
  4831 | D:3      | Reached XP level 8. HP: 35/51 MP: 13/13
  5220 | D:4      | Noticed Dowan
  5237 | D:4      | Killed Dowan
  5272 | D:4      | Noticed Duvessa
  5290 | D:4      | Killed Duvessa
  5882 | D:5      | Entered Level 5 of the Dungeon
  6113 | D:5      | Found a staircase to the Ecumenical Temple.
  6271 | Temple   | Entered the Ecumenical Temple
  6343 | Temple   | Became a worshipper of the Shining One
  6348 | Temple   | Learned a level 3 spell: Dazzling Spray
  6845 | D:5      | Reached skill level 1 in Hexes
  6845 | D:5      | Reached skill level 1 in Invocations
  7573 | D:6      | Reached XP level 9. HP: 45/57 MP: 16/16
  7623 | D:6      | Found Sovicech's Armour Boutique.
  7919 | D:7      | Noticed Harold
  7940 | D:7      | Slain by Harold

Levels and vault maps discovered:
D:1:      psy_arrival_radial02, layout_loops_ring, minmay_misc_feat_square,
          roderic_st_hans_cross, serial_bayou_pond_b,
          kennysheep_decorative_pillar
D:2:      layout_loops_corners, first_ration, uniq_robin
D:3:      layout_basic, nicolae_ashenzari_panopticon
D:4:      layout_loops_corners, lemuel_doored_altar, uniq_pikel, uniq_duvessa
D:5:      layout_loops_ring, minmay_temple_entry_proselytizer, kennysheep_potato
D:6:      layout_rooms, serial_shops, shop
D:7:      layout_loops_ring, basic_altar, chequers_serial_rivers_micro_d,
          uniq_harold
Temple:   regret_index_temple_sigil_plot

Skill      XL: |  1  2  3  4  5  6  7  8 |
---------------+-------------------------+-----
Fighting       | 1 2 3 |  3.5
Conjurations   | 2 |  2.3
Polearms       | 2 6 |  6.6
Fire Magic     | 1 2 |  2.6
Dodging        | 3 |  3.4
Spellcasting   | 4 |  4.9
Hexes          | 2 |  2.8
Invocations    | 3 |  3.1
Stealth        | |  2.6
Summonings     | |  1.0
Translocations | |  1.6

Action                   |  1- 3 |  4- 6 |  7- 9 || total
-------------------------+-------+-------+-------++-------
Melee: Mace              |    43 |       |       ||    43
       Constrict         |    10 |    12 |    46 ||    68
       Tentacles         |     8 |    10 |    33 ||    51
       Trident           |     3 |    79 |   260 ||   342
 Cast: Magic Dart        |    51 |    17 |    20 ||    88
       Blink             |       |     1 |     5 ||     6
       Searing Ray       |       |       |     4 ||     4
       Conjure Flame     |       |       |     4 ||     4
  Use: Scroll            |     1 |     9 |     1 ||    11
       Potion            |     3 |     1 |       ||     4
 Stab: Distracted        |     1 |       |       ||     1
       Sleeping          |       |    11 |     2 ||    13
  Eat: Chunk             |     3 |     6 |    10 ||    19
       Ration            |       |       |     1 ||     1
Armor: Skin              |     4 |    21 |    58 ||    83
Dodge: Dodged            |    47 |    31 |    93 ||   171
Block: Other             |       |     5 |    12 ||    17

Table legend:
 A = Non-vault XP
 B = Vault XP
 C = Vault XP percentage of total XP
 D = Non-vault monster count
 E = Vault monster count
 F = Vault count percentage of total count
                 A         B        C        D         E       F
            +---------+---------+-------+---------+---------+-------
      Total |    1422 |    1003 |  41.4 |      95 |      21 |  18.1
            +---------+---------+-------+---------+---------+-------
        D:1 |      18 |       6 |  25.0 |       9 |       4 |  30.8
        D:2 |      55 |      37 |  40.2 |      10 |      12 |  54.5
        D:3 |     152 |       0 |   0.0 |      19 |       0 |   0.0
        D:4 |     386 |     865 |  69.1 |      21 |       3 |  12.5
        D:5 |     495 |      95 |  16.1 |      16 |       2 |  11.1
        D:6 |     316 |       0 |   0.0 |      20 |       0 |   0.0
            +---------+---------+-------+---------+---------+-------
